 Dungeon Crawl Stone Soup version 0.22.1-2-g9c5b331 (webtiles) character file.

19157 HoaS the Grappler (level 12, -2/79 HPs)
             Began as a Gargoyle Berserker on Dec 29, 2018.
             Was a High Priest of Trog.
             Hit by a large rock thrown by a cyclops (21 damage)
             ... on level 12 of the Dungeon.
             The game lasted 00:36:14 (13235 turns).

HoaS the Grappler (Gargoyle Berserker)             Turns: 13235, Time: 00:36:15

Health: -2/79      AC: 28    Str: 22    XL:     12   Next: 66%
Magic:  12/12      EV: 10    Int:  8    God:    Trog [*****.]
Gold:   661        SH:  0    Dex: 13    Spells: 11/11 levels left

rFire    . . .     SeeInvis .     - Unarmed
rCold    . . .     Gourm    +   (no shield)
rNeg     + . .     Faith    .   s - +0 plate armour
rPois    ∞         Spirit   .   (no helmet)
rElec    +         Reflect  .   g - +0 cloak
rCorr    .         Harm     .   u - +0 pair of gloves
MR       +....                  B - +0 pair of boots
Stlth    ..........             q - amulet of the gourmand
HPRegen  0.23/turn              w - +1 ring of protection
MPRegen  0.13/turn              C - ring of protection from magic

@: no status effects
A: negative energy resistance 1, electricity resistance, unbreathing,
petrification resistance, rot immunity, AC +8
a: Berserk, Trog's Hand, Brothers in Arms, Renounce Religion


You were on level 12 of the Dungeon.
You worshipped Trog.
Trog was extremely pleased with you.
You were completely stuffed.

You visited 1 branch of the dungeon, and saw 12 of its levels.

You collected 709 gold pieces.
You spent 48 gold pieces at shops.

Inventory:

Armour
 g - a +0 cloak (worn)
 s - a +0 plate armour (worn)
 u - a +0 pair of gloves (worn)
 B - a +0 pair of boots (worn)
 D - a +3 scale mail of positive energy
Jewellery
 q - an amulet of the gourmand (around neck)
 w - a +1 ring of protection (left hand)
 x - an uncursed ring of protection from fire
 C - a ring of protection from magic (right hand)
Wands
 d - a wand of paralysis (16)
 k - a wand of iceblast (7)
 n - a wand of enslavement (14)
Scrolls
 c - 5 scrolls of remove curse
 r - 4 scrolls of enchant weapon
 y - 2 scrolls of teleportation
Potions
 e - a potion of curing
 f - 4 potions of berserk rage
 h - 2 potions of agility
 i - 2 potions of haste {unknown}
 j - a potion of cancellation {unknown}
 l - 3 potions of flight {unknown}
 m - a potion of magic {unknown}
 o - 3 potions of ambrosia
 p - 2 potions of mutation {unknown}
 t - 2 potions of might {unknown}
 v - a potion of lignification {unknown}
 z - 4 potions of heal wounds {unknown}
 A - a potion of invisibility {unknown}
Comestibles
 a - 4 chunks of flesh
 b - 26 rations


   Skills:
 + Level 10.6 Fighting
 + Level 10.4 Armour
 + Level 8.0 Dodging
 * Level 13.0 Unarmed Combat


You had 11 spell levels left.
You didn't know any spells.
Your spell library was empty.

Dungeon Overview and Level Annotations

Branches:
Dungeon (12/15)            Temple (0/1) D:7            Lair (0/6) D:8
    Orc (0/2) D:11

Altars:
Ashenzari
Dithmenos
Fedhas
Gozag
Hepliaklqana
Nemelex Xobeh
Qazlal
Ru
Trog
Xom
Zin

Shops:
D:5 *   D:12 *

Annotations:
D:3 exclusion: oklob plant
D:10 3 runed doors, Swamplord's ghost, journeyman DrWr


Innate Abilities, Weirdness & Mutations

You are resistant to torment.
Your stone body is resilient. (AC +8)
You are immune to poison.
You resist negative energy. (rN+)
You are resistant to electric shocks. (rElec)
You can survive without breathing.
You are immune to petrification.
You are immune to rotting.


Message History

You see here a scroll of immolation.
Things that are here:
a halberd; a runed scale mail
D - a runed scale mail You start resting.
Eating one of 6 chunks of flesh.
You eat one of the 6 chunks of flesh.
This raw flesh tastes great.
Eating one of 5 chunks of flesh.
You eat one of the 5 chunks of flesh.
This raw flesh tastes great.
You feel yourself speed up.
You start resting.
You recover from your berserk rage.
You start resting.
A cyclops comes into view.
You feel better.
The cyclops throws a large rock.
The large rock hits you!
The cyclops throws a large rock.
The large rock hits you!
* * * LOW HITPOINT WARNING * * *
Things that are here:
a large rock; a scroll of immolation The cyclops throws a large rock.
The large rock hits you!!
You die...

#......#
#.######
####.#
#....#
#.#### #.# #
#.#
#.##########
#.#
#.)).(.(@..#
#.#
##########C#
#.# #.####.#
#......#
########


You could see a cyclops.

Vanquished Creatures
  Frances (D:12)
  A hydra (D:9)
  2 two-headed ogres
  2 unseen horrors (D:12)
  An ugly thing (D:11)
  3 cyclopes
  A deep elf mage (D:6)
  Maurice (D:11)
  A komodo dragon (D:8)
  A troll (D:12)
  Grinder (D:3)
  A hornet (D:7)
  4 hippogriffs
  2 dream sheep (D:9)
  5 slime creatures
  A meliai zombie (D:12)
  Sigmund (D:3)
  7 yaks
  A water elemental (D:11)
  A wyvern (D:8)
  A shadow (D:12)
  Eustachio (D:4)
  A basilisk (D:12)
  Grum (D:11)
  A hungry ghost (D:11)
  Menkaure (D:7)
  2 soldier ants (D:12)
  An ice beast (D:11)
  2 sky beasts
  9 orc warriors
  A hornet zombie (D:12)
  An eye of draining (D:11)
  3 ogres
  2 phantoms
  4 wolves (D:11)
  2 centaurs
  2 crocodiles
  6 big kobolds
  Blork the orc (D:4)
  7 bullfrogs
  A wyvern zombie (D:11)
  3 scorpions
  17 killer bees
  2 electric eels (D:11)
  A howler monkey (D:12)
  12 wights
  7 crimson imps
  A bullfrog zombie (D:7)
  4 centaur zombies
  A quasit (D:11)
  9 hounds
  6 jellies
  Crazy Yiuf (D:4)
  A bullfrog skeleton (D:7)
  A centaur skeleton (D:6)
  14 orc priests
  2 iguanas
  10 orc wizards
  Ijyb (D:4)
  6 worker ants
  2 hound skeletons
  A worker ant zombie (D:11)
  7 gnolls
  A howler monkey zombie (D:10)
  10 adders
  2 shadow imps
  An ooze (D:6)
  An adder zombie (D:6)
  An adder skeleton (D:8)
  3 worms
  A dart slug (D:1)
  5 leopard geckos
  46 orcs
  6 bats
  6 giant cockroaches
  16 goblins
  7 hobgoblins
  44 jackals
  17 kobolds
  4 quokkas
  4 frilled lizards
  A jackal skeleton (D:6)
  A leopard gecko skeleton (D:4)
  4 rats
378 creatures vanquished.

Notes
Turn   | Place    | Note
-------+----------+-------------------------------------------
     0 | D:1      | HoaS the Gargoyle Berserker began the quest for the Orb.
     0 | D:1      | Reached XP level 1. HP: 14/14 MP: 1/1
   153 | D:1      | Reached XP level 2. HP: 19/19 MP: 2/2
   558 | D:1      | Reached XP level 3. HP: 23/23 MP: 3/3
  1133 | D:2      | Reached ** piety under Trog
  1285 | D:2      | Found a hazy altar of Hepliaklqana.
  1368 | D:2      | Found a stormy altar of Qazlal.
  1408 | D:2      | Found a shattered altar of Ashenzari.
  1482 | D:2      | Reached XP level 4. HP: 29/29 MP: 4/4
  1556 | D:2      | Found a glowing silver altar of Zin.
  1818 | D:3      | Found a blossoming altar of Fedhas.
  1829 | D:3      | Noticed an oklob plant
  1949 | D:3      | Reached skill level 4 in Unarmed Combat
  2211 | D:3      | Reached XP level 5. HP: 27/33 MP: 5/5
  2333 | D:3      | Reached *** piety under Trog
  2364 | D:3      | Noticed Grinder
  2382 | D:3      | Paralysed by Grinder for 7 turns
  2389 | D:3      | Found a bloodstained altar of Trog.
  2463 | D:3      | Killed Grinder
  2463 | D:3      | Reached skill level 5 in Unarmed Combat
  2463 | D:3      | Reached XP level 6. HP: 32/39 MP: 6/6
  2547 | D:3      | Noticed Sigmund
  2577 | D:3      | Killed Sigmund
  2577 | D:3      | Reached XP level 7. HP: 37/44 MP: 7/7
  2828 | D:4      | Noticed Eustachio
  2862 | D:4      | Killed Eustachio
  2862 | D:4      | Reached skill level 5 in Fighting
  3262 | D:3      | Reached skill level 6 in Unarmed Combat
  3265 | D:3      | HP: 2/44 [orc priest/hand axe of freezing (1)]
  3704 | D:4      | Noticed Ijyb
  3713 | D:4      | Paralysed by Ijyb for 5 turns
  3721 | D:4      | Killed Ijyb
  3917 | D:4      | Reached XP level 8. HP: 44/50 MP: 8/8
  4046 | D:4      | Noticed Blork the orc
  4060 | D:4      | Reached skill level 5 in Armour
  4072 | D:4      | Killed Blork the orc
  4727 | D:4      | Found a runed door.
  4785 | D:4      | Noticed Crazy Yiuf
  4788 | D:4      | Killed Crazy Yiuf
  4905 | D:5      | Entered Level 5 of the Dungeon
  4943 | D:4      | Reached skill level 7 in Unarmed Combat
  5222 | D:5      | Found Ether's Elemental Accessories.
  5393 | D:5      | Reached **** piety under Trog
  5956 | D:5      | Reached XP level 9. HP: 56/56 MP: 9/9
  6357 | D:6      | Noticed a deep elf mage
  6379 | D:6      | Killed a deep elf mage
  6379 | D:6      | Reached skill level 8 in Unarmed Combat
  6938 | D:7      | Reached skill level 5 in Dodging
  6964 | D:7      | Found a staircase to the Ecumenical Temple.
  6988 | D:7      | Reached skill level 9 in Unarmed Combat
  7314 | D:7      | Reached XP level 10. HP: 40/63 MP: 10/10
  7473 | D:7      | Noticed Menkaure
  7492 | D:7      | Killed Menkaure
  7579 | D:7      | Found a shadowy altar of Dithmenos.
  7653 | D:7      | Found a sparkling altar of Nemelex Xobeh.
  7725 | D:7      | Found a sacrificial altar of Ru.
  7985 | D:8      | Reached ***** piety under Trog
  8119 | D:8      | Found a staircase to the Lair.
  8579 | D:8      | Reached skill level 10 in Unarmed Combat
  8899 | D:9      | Received a gift from Trog
  9046 | D:9      | Noticed a two-headed ogre
  9135 | D:9      | Killed a two-headed ogre
  9665 | D:9      | Reached XP level 11. HP: 49/69 MP: 11/11
  9702 | D:9      | Noticed a three-headed hydra
  9724 | D:9      | Killed a three-headed hydra
  9724 | D:9      | Reached skill level 11 in Unarmed Combat
  9897 | D:9      | Found a shimmering altar of Xom.
  9916 | D:10     | Entered Level 10 of the Dungeon
  9943 | D:10     | Found a runed gate.
  9943 | D:10     | Found a runed gate.
  9943 | D:10     | Found an opulent altar of Gozag.
  9943 | D:10     | Found a runed gate.
  9944 | D:10     | Noticed a fire giant
  9944 | D:10     | Noticed Swamplord's ghost (journeyman DrWr)
  9944 | D:10     | Noticed a skeletal warrior
 10620 | D:11     | Found a blossoming altar of Fedhas.
 10642 | D:11     | Noticed a cyclops
 10654 | D:11     | Killed a cyclops
 10666 | D:11     | Received a gift from Trog
 10791 | D:11     | Noticed Grum
 10810 | D:11     | Killed Grum
 11278 | D:11     | Noticed a brown ugly thing
 11292 | D:11     | Killed a brown ugly thing
 11428 | D:11     | Reached skill level 12 in Unarmed Combat
 11668 | D:11     | Found a staircase to the Orcish Mines.
 11872 | D:12     | Killed an unseen horror
 11872 | D:12     | Reached XP level 12. HP: 65/77 MP: 12/12
 11878 | D:12     | Got a twisted chain mail
 11896 | D:11     | Identified the cursed +1 chain mail of Makhleb's Hope
                  | {rPois rC- rN++ Str+4} (You found it on level 12 of the
                  | Dungeon)
 11945 | D:12     | Noticed a two-headed ogre
 11953 | D:12     | Killed a two-headed ogre
 11953 | D:12     | Reached skill level 10 in Fighting
 12332 | D:12     | Noticed Maurice
 12657 | D:11     | Killed Maurice
 12663 | D:11     | Reached skill level 10 in Armour
 12908 | D:12     | Received a gift from Trog
 13054 | D:12     | Found Xyagruygywk's General Store.
 13057 | D:12     | Bought a scroll of teleportation for 48 gold pieces
 13149 | D:12     | Noticed Frances
 13171 | D:12     | Killed Frances
 13171 | D:12     | Reached skill level 13 in Unarmed Combat
 13235 | D:12     | Hit by a large rock thrown by a cyclops

Skill      XL: |  1  2  3  4  5  6  7  8  9 10 11 12 |
---------------+-------------------------------------+-----
Dodging        | 2 3 4 5 6 7 8 |  8.0
Unarmed Combat | 4 5 6 7 9 10 12 13 | 13.0
Armour         | 3 4 5 7 8 9 10 | 10.4
Fighting       | 4 5 6 7 8 9 10 | 10.6

Action                   |  1- 3 |  4- 6 |  7- 9 | 10-12 || total
-------------------------+-------+-------+-------+-------++-------
Melee: Unarmed           |   141 |   188 |   576 |   915 ||  1820
       Punch             |     1 |     3 |    18 |    37 ||    59
Invok: Trog's Hand       |       |     3 |     1 |     5 ||     9
       Berserk           |       |       |     2 |     7 ||     9
Evoke: Wand              |       |       |       |     2 ||     2
  Use: Scroll            |     4 |     3 |     6 |     5 ||    18
       Potion            |       |       |       |     1 ||     1
  Eat: Chunk             |     2 |     4 |    31 |    36 ||    73
       Ration            |       |       |     1 |       ||     1
Armor: Animal skin       |     5 |       |       |       ||     5
       Ring mail         |    70 |    54 |   128 |       ||   252
       Leather armour    |     3 |       |       |       ||     3
       Scale mail        |       |       |   143 |       ||   143
       Chain mail        |       |       |   140 |     1 ||   141
       Plate armour      |       |       |     2 |   574 ||   576
Dodge: Dodged            |   108 |    83 |   350 |   328 ||   869
